 Dungeon Crawl Stone Soup version 0.30-b1-2-g02819fbbbe (webtiles) character file.

Game seed: 12420827398602340227

3425831 p0werm0de the Warrior (level 19, 183/183 HPs)
             Began as a Minotaur Fighter on Oct 16, 2023.
             Was a High Priest of Jiyva.
             Escaped with the Orb
             ... and 3 runes!
             The game lasted 00:23:52 (19546 turns).

p0werm0de the Warrior (Minotaur Fighter)           Turns: 19546, Time: 00:23:52

Health: 183/183    AC: 45    Str: 30 (31) XL:     19   Next: 44%
Magic:  18/18      EV: 14    Int: 14 (17) God:    Jiyva [*****.]
Gold:   1026       SH: 22    Dex: 15 (17) Spells: 18/18 levels left

rFire   + . .        J - +3 broad axe of Bymuyr {venom, rElec rF+ Str+4}
rCold   . . .        S - +1 tower shield {reflect}
rNeg    + . .        T - +10 plate armour {ponderous}
rPois   +            (helmet restricted)
rElec   +            O - +1 cloak of the Gusle {*Corrode Drain rPois Int+7}
rCorr   +            G - +2 pair of gloves
SInv    .            U - +2 pair of boots of Soft Rains {Fly rN+ Int+2 Dex+4}
Will    +....        N - amulet of Vitality {RegenMP++ Regen++} Stlth
                     j - +4 ring of slaying
HPRegen 5.14/turn    p - +4 ring of protection
MPRegen 1.41/turn

%: corrode self (3%), reflection
@: flying, slow
A: horns 2, retaliatory headbutt, iridescent scales 3, agile 1, clever 1,
deformed body, regeneration 2, wild magic 2, gelatinous body 1, translucent skin
3, jelly absorbing missiles
0: Orb of Zot
}: 3/15 runes: decaying, serpentine, slimy
a: Renounce Religion, Oozemancy, Slimify


You escaped.
You worshipped Jiyva.
Jiyva was extremely pleased with you.
You visited 8 branches of the dungeon, and saw 44 of its levels.
You visited the Abyss 1 time.
You also visited: Bailey, Ice Cave and Volcano.

You collected 2424 gold pieces.
You spent 1398 gold pieces at shops.

Inventory:

Hand Weapons
 a - a +0 broad axe
   (You took it off an orc warrior in a bailey)
 s - a +1 war axe of electrocution
   (You took it off an orc warlord on level 2 of the Orcish Mines)
 C - the +4 hand axe of the Scorching Gods {venom, rF+}
   (You found it on level 5 of the Pits of Slime)

   rF:        It protects you from fire.
 J - the +3 broad axe of Bymuyr (weapon) {venom, rElec rF+ Str+4}
   (You found it on level 3 of the Lair of Beasts)

   Str:       It affects your strength (+4).
   rF:        It protects you from fire.
   rElec:     It insulates you from electricity.
Missiles
 k - a throwing net (quivered)
Armour
 c - a +0 kite shield of cold resistance
   (You took it off a naga warrior on level 4 of the Snake Pit)
 G - a +2 pair of gloves (worn)
   (You bought it in a shop on level 2 of the Orcish Mines)
 O - the +1 cloak of the Gusle (worn) {*Corrode Drain rPois Int+7}
   (You found it on level 1 of the Swamp)

   Int:       It affects your intelligence (+7).
   rPois:     It protects you from poison.
   *Corrode:  It may corrode you when you take damage.
   Drain:     It drains your maximum health when unequipped.
 S - a +1 tower shield of reflection (worn)
   (You took it off a naga warrior on level 4 of the Snake Pit)
 T - a +10 plate armour of ponderousness (worn)
   (You took it off an orc warlord on level 2 of the Orcish Mines)
 U - the +2 pair of boots of Soft Rains (worn) {Fly rN+ Int+2 Dex+4}
   (You acquired it in a bailey)

   Int:       It affects your intelligence (+2).
   Dex:       It affects your dexterity (+4).
   rN:        It protects you from negative energy.
   Fly:       It grants you flight.
Jewellery
 j - a +4 ring of slaying (left hand)
   (You found it on level 5 of the Lair of Beasts)
 l - an amulet of guardian spirit
   (You found it on level 3 of the Depths)
 p - a +4 ring of protection (right hand)
   (You found it in an ice cave)
 I - the ring "Oparoavvih" {Fire *Slow rElec Will+ Dex+7}
   (You found it on level 4 of the Lair of Beasts)

   [ring of fire]

   It enhances your fire magic.
   Dex:       It affects your dexterity (+7).
   rF:        It protects you from fire.
   rC:        It makes you vulnerable to cold.
   rElec:     It insulates you from electricity.
   *Slow:     It may slow you when you take damage.
   Will:      It increases your willpower.
 K - a ring of fire
   (You found it on level 4 of the Realm of Zot)
 N - the amulet of Vitality (around neck) {RegenMP++ Regen++}
   (You found it on level 5 of the Pits of Slime)

   [amulet of magic regeneration]

   It increases your rate of magic regeneration.
   Regen:     It increases your rate of health regeneration.
Wands
 b - a wand of iceblast (21)
   (You found it on level 1 of the Swamp)
 g - a wand of mindburst (14)
   (You found it on level 8 of the Dungeon)
 v - a wand of digging (3)
   (You found it on level 3 of the Swamp)
 y - a wand of paralysis (3)
   (You took it off Erica on level 9 of the Dungeon)
Scrolls
 f - 5 scrolls of silence
 r - 12 scrolls of identify
 u - 2 scrolls of fear
 x - a scroll of enchant weapon
 A - 4 scrolls of immolation
 F - 3 scrolls of fog
 H - 2 scrolls of enchant armour
 M - 4 scrolls of poison
Potions
 e - 2 potions of brilliance
 i - a potion of lignification
 m - 2 potions of berserk rage
 n - 3 potions of resistance
 q - 13 potions of curing
 w - 5 potions of heal wounds
 D - 4 potions of magic
 E - a potion of cancellation {unknown}
 L - 2 potions of attraction
 P - a potion of mutation
 Q - 3 potions of flight
 R - a potion of ambrosia
Miscellaneous
 B - a phantom mirror
   (You found it on level 10 of the Dungeon)


   Skills:
 * Level 19.2 Fighting
 * Level 19.0 Axes
 * Level 19.1 Armour
 + Level 11.5 Dodging
 * Level 19.2 Shields
 * Level 13.6 Evocations


You had 18 spell levels left.
You didn't know any spells.
Your spell library contained the following spells:

 Spells                   Type           Power      Damage    Failure   Level
 Beastly Appendage        Tmut           0%         N/A       96%         1
 Freeze                   Ice            0%         1d3       96%         1
 Shock                    Conj/Air       0%         1d3       96%         1
 Ensorcelled Hibernation  Hex/Ice        0%         N/A       99%         2
 Momentum Strike          Conj/Tloc      0%         3d8       99%         2
 Scorch                   Fire           0%         2d5       99%         2
 Sublimation of Blood     Necr           0%         N/A       99%         2
 Wereblood                Tmut           0%         N/A       99%         2
 Frozen Ramparts          Ice            0%         1d1       100%        3
 Hailstorm                Conj/Ice       0%         3d3       100%        3
 Inner Flame              Hex/Fire       0%         N/A       100%        3
 Spider Form              Tmut/Pois      0%         N/A       100%        3
 Vampiric Draining        Necr           0%         2d6       100%        3
 Animate Dead             Necr           0%         N/A       100%        4
 Dispel Undead            Necr           0%         3d6       100%        4
 Passage of Golubria      Tloc           0%         N/A       100%        4
 Petrify                  Tmut/Erth      0%         N/A       100%        4
 Summon Lightning Spire   Summ/Air       0%         N/A       100%        4
 Irradiate                Conj/Tmut      0%         3d11      100%        5
 Yara's Violent Unravell  Hex/Tmut       0%         3d3       100%        5
 Enfeeble                 Hex            0%         N/A       100%        7
 Haunt                    Necr/Summ      0%         N/A       100%        7
 Infestation              Necr           0%         N/A       100%        8


Dungeon Overview and Level Annotations

Branches:
Dungeon (15/15)            Temple (0/1) D:4            Lair (5/5) D:10
  Swamp (4/4) Lair:2        Snake (4/4) Lair:3        Slime (5/5) Lair:5
    Orc (2/2) D:10            Elf (0/3) Orc:2        Vaults (0/5) D:13
 Depths (4/4) D:15            Zot (5/5) Depths:4     Bailey (visited)
  IceCv (visited)         Volcano (visited)

Altars:
Cheibriados
Hepliaklqana
Kikubaaqudgha
Makhleb
Nemelex Xobeh
Okawaru
Ru
Trog
Vehumet
Wu Jian
Yredelemnul
Jiyva

Shops:
D:8 *?   D:14 (   Orc:2 ??[   Snake:2 *=   Depths:2 :[

Portals:
Hell: Depths:2 Depths:4
Pandemonium: Depths:2

Annotations:
D:6 3 runed translucent doors, diceflayer's ghost, novice MiFi
D:13 Kirke
Lair:1 exclusion: oklob plant
Slime:2 Dissolution
Slime:5 Royal Jelly
Depths:2 2 runed translucent doors, Farlane's ghost, adept HOMo
Depths:3 3 runed translucent doors
Zot:2 Tiamat
Zot:5 2 transporters


Innate Abilities, Weirdness & Mutations

You have a pair of horns on your head.
You reflexively headbutt those who attack you in melee.
You are completely covered in iridescent scales. (AC +6)
You are agile. (Dex +4, Str/Int -1)
Your mind is acute. (Int +4, Str/Dex -1)
Armour fits poorly on your strangely shaped body.
You heal very quickly.
Your spells are harder to cast, but more powerful.
Your rubbery body absorbs attacks. (AC +1, EV +1)
Your transparent skin significantly reduces your foes' accuracy. (Stealth+)
You have a small jelly attached to you that may absorb projectiles.


Message History

The blizzard demon is lightly wounded.
You slash the adder!
The adder is poisoned.
You block the adder's attack.
You block the blizzard demon's attack. x2
You closely miss the adder. Your headbutt misses the adder.
The adder is almost dead.
You slice the blizzard demon!! The adder completely misses you.
The blizzard demon gestures at you. The bolt of lightning hits you. You resist.
The bolt of lightning hits the adder!!
The adder dies!
You slice the blizzard demon!!
The blizzard demon is almost dead.
You barely miss the blizzard demon.
The blizzard demon is almost dead.
The blizzard demon closely misses you. You furiously retaliate!
You headbutt the blizzard demon!!
You kill the blizzard demon!
No target in view!
No target in view!
No target in view!
No target in view!
No target in view!
No target in view!
No target in view!
No target in view!
No target in view!
There is a stone staircase leading up here.
You fly upwards.
There is a stone staircase leading down here.
(D) Dungeon (T) Temple (L) Lair (S) Swamp (P) Snake Pit (M) Slime Pits (O) Orcish Mines (E) Elven Halls (V) Vaults (U) Depths (H) Hell (Z) Zot
Where to? (Enter - D:1 @ (x,y), ? - help)
There is a staircase leading out of the dungeon here.
(D) Dungeon (T) Temple (L) Lair (S) Swamp (P) Snake Pit (M) Slime Pits (O) Orcish Mines (E) Elven Halls (V) Vaults (U) Depths (H) Hell (Z) Zot
Where to? (Enter - D:1 @ (x,y), ? - help) You're already here!
You have escaped!

#.#.# #.######.#######.#
#.#.###......#.........#
#.#.....####....######.#
#.#.#..## ##...# #.#
#.#.##.# #...######.#
##......## ##........#.#
#..≈≈≈≈..####§§§≈≈≈.....#
#.≈≈≈≈≈≈......≈§≈≈≈≈..###
..≈≈≈≈≈≈.....§≈§@>≈§.##
..≈≈≈≈≈≈......≈≈§§.§.#
...≈≈≈≈...##...≈≈≈≈..#
.#.......####....§§.##
....####...####..##.#
##### ###.####.###.#
#..........# ###.##.#####
#......#


There were no monsters in sight!

Vanquished Creatures
  8 caustic shrikes
  A pandemonium lord (D:12)
  A golden dragon (Zot:4)
  A Brimstone Fiend (D:10)
  Jorgrun (D:13)
  8 tentacled monstrosities
  2 liches
  A quicksilver dragon (Zot:1)
  6 death cobs
  An Executioner (D:14)
  A tengu reaver (Depths:4)
  2 draconian monks (Zot:1)
  3 storm dragons
  A fenstrider witch (Swamp:1)
  3 nagarajas (Snake:4)
  A fire giant (Depths:2)
  A draconian scorcher (Zot:1)
  3 draconian knights
  Aizul (Snake:1)
  2 frost giants
  A draconian shifter (Depths:4)
  An iron dragon (Depths:4)
  2 ghost moths
  2 ghouls (Swamp:1)
  3 spriggan defenders
  An ironbound preserver (D:13)
  A draconian stormcaller (Zot:1)
  2 orc warlords (Orc:2)
  8 very ugly things
  A green draconian (Zot:2)
  A reaper (D:6)
  3 vampire knights
  6 stone giants
  5 black draconians
  3 eleionomae
  3 red draconians
  4 yellow draconians
  A lorocyproca (D:8)
  6 spark wasps (Depths:3)
  5 white draconians
  The ghost of Farlane the Severer, a journeyman HOMo of Beogh (Lair:4)
  2 purple draconians
  A blizzard demon (D:2)
  3 ettins (Depths:4)
  7 fire dragons
  A yaktaur captain (Depths:4)
  8 ice dragons
  6 hydras
  3 salamander tyrants (Snake:4)
  Erica (D:9)
  An ogre mage (Orc:2)
  A catoblepas (Lair:1)
  3 centaur warriors
  3 spriggan air magi
  9 anacondas
  6 two-headed ogres
  3 deep troll shamans
  4 alligators (Swamp:1)
  5 death yaks (Lair:4)
  2 boulder beetles
  11 naga warriors
  3 deep troll earth magi
  4 orc high priests (Orc:2)
  2 vampire magi (Depths:1)
  A tengu warrior (D:15)
  6 naga sharpshooters
  Urug (D:11)
  13 hell knights (Depths:4)
  A sun demon (Depths:2)
  2 spriggan berserkers (Swamp:1)
  4 shock serpents
  12 spriggans
  A wretched star (Abyss:2)
  A goliath frog (Swamp:4)
  3 iron trolls (Depths:1)
  A skyshark (Lair:2)
  A spriggan druid (Swamp:1)
  7 deep trolls
  8 salamander mystics
  A flayed ghost (Depths:4)
  An obsidian statue (Swamp:1)
  A death drake (Swamp:1)
  3 swamp dragons
  5 naga ritualists
  A bog body (Swamp:1)
  5 orc knights
  2 phantasmal warriors (Depths:2)
  2 deep elf pyromancers (D:13)
  3 necromancers (Depths:4)
  5 mana vipers
  9 orc sorcerers
  4 will-o-the-wisps
  A worldbinder (Abyss:2)
  10 ugly things
  2 cyclopes
  2 manticores
  22 salamanders
  10 moths of wrath
  29 black mambas
  A rust devil (Abyss:2)
  An ice statue (IceCv)
  Maurice (D:13)
  2 molten gargoyles (Volcano)
  2 guardian serpents
  9 cane toads
  21 naga magi
  A smoke demon (Abyss:2)
  A torpor snail (Lair:4)
  A gargoyle (D:13)
  2 unseen horrors
  2 kobold demonologists
  8 rime drakes
  4 freezing wraiths (Swamp:4)
  3 ice devils
  An anaconda simulacrum (Lair:3)
  4 tengu conjurers (D:13)
  An efreet (D:9)
  5 komodo dragons
  3 trolls
  2 ancient zymes (Abyss:2)
  A bloated husk (Swamp:4)
  2 polar bears
  4 tyrant leeches
  16 hornets
  2 raiju (Abyss:2)
  8 blink frogs
  Sigmund (D:3)
  3 shadows
  A wraith (D:7)
  2 water elementals (Depths:4)
  6 wyverns
  7 basilisks
  Eustachio (D:4)
  9 fire bats
  A hog (D:13)
  42 yaks
  Grum (D:8)
  A steam dragon (D:10)
  3 wargs (D:10)
  6 swamp worm simulacra (Swamp:4)
  A catoblepas simulacrum (Lair:4)
  10 vampire mosquitoes
  8 swamp worms
  Edmund (D:4)
  36 nagas
  12 water moccasins
  20 hydra simulacra
  5 acid dragons
  An ice beast (D:8)
  34 orc warriors
  A small abomination (Abyss:2)
  4 black bears
  6 ogres
  5 centaurs
  8 wolves
  2 kobold brigands (D:9)
  6 bullfrogs
  2 cane toad simulacra
  3 gnoll sergeants
  A scorpion (D:5)
  5 wights
  2 blink frog simulacra
  An elephant simulacrum (Lair:3)
  4 lindwurm simulacra (IceCv)
  A killer bee (D:7)
  5 electric eels
  4 howler monkeys
  A rime drake simulacrum (Lair:4)
  A torpor snail simulacrum (Lair:4)
  A jelly (Bailey)
  8 lava snakes
  8 komodo dragon simulacra (IceCv)
  A sleepcap (D:6)
  7 orc priests
  4 gnoll boudas
  8 hounds
  7 iguanas
  17 orc wizards
  37 gnolls
  7 adders
  5 acid dragon simulacra (IceCv)
  A white imp (D:8)
  2 swamp drake simulacra (Swamp:4)
  2 ufetubi (Abyss:2)
  4 steam dragon simulacra (IceCv)
  2 worms (D:2)
  A dart slug (D:1)
  33 orcs
  A spectral bat (D:3)
  A bat skeleton (D:3)
  A bat zombie (D:3)
  3 endoplasms (D:2)
  3 giant cockroaches
  14 goblins
  9 hobgoblins
  6 jackals
  13 kobolds
  A quokka (D:2)
  6 ball pythons
  8 bats (D:3)
  A bat simulacrum (D:3)
  2 frilled lizards (D:2)
  5 rats
988 creatures vanquished.

Vanquished Creatures (collateral kills)
  A Tzitzimitl (D:8)
  An ice dragon (Swamp:4)
  A hydra (Lair:2)
  2 naga warriors (Snake:4)
  2 naga sharpshooters (Snake:4)
7 creatures vanquished.

Vanquished Creatures (others)
  A draconian stormcaller (Depths:4)
  Nessos (D:12)
  An alligator (Swamp:4)
  3 glowing orange brains
  A necromancer (Depths:4)
  2 bloated husks (Swamp:1)
  A spriggan (Depths:4)
  A steam dragon (D:9)
  2 yaks
  A naga (Snake:1)
  3 swamp worms
  A water moccasin (Lair:1)
  2 centaurs (D:8)
  A bullfrog (D:7)
  A gnoll sergeant (D:8)
  A scorpion (D:7)
  An electric eel (D:8)
  113 jellies
  A vampire bat (D:3)
  3 hounds (D:8)
  3 orc priests
  An orc wizard (Orc:2)
  8 gnolls
  3 adders
  3 fire bats (D:3)
  6 orcs
  A spectral bat (D:3)
  2 ball pythons (D:4)
  2 bat skeletons (D:3)
  5 endoplasms
  2 giant cockroaches
  A jackal (D:8)
  2 bats (D:3)
  3 kobolds
  30 foxfires
  50 fungi
  83 plants
346 creatures vanquished.

Grand Total: 1341 creatures vanquished

Notes
Turn   | Place    | Note
-------+----------+-------------------------------------------
     0 | D:1      | p0werm0de the Minotaur Fighter began the quest for the Orb.
     0 | D:1      | Reached XP level 1. HP: 19/19 MP: 0/0
    78 | D:1      | You fall into a shaft and drop 1 floor!
   108 | D:2      | Reached XP level 2. HP: 24/27 MP: 1/1
   262 | D:1      | Reached XP level 3. HP: 33/33 MP: 2/2
   351 | D:1      | Found a faded altar of an unknown god.
   686 | D:1      | Prayed at the altar of an unknown god.
   686 | D:1      | Became a worshipper of Jiyva Joru the Shapeless
   686 | D:1      | Reached * piety under Jiyva
   939 | D:3      | Noticed Sigmund
   957 | D:3      | Killed Sigmund
   958 | D:3      | Reached skill level 5 in Fighting
   958 | D:3      | Reached skill level 5 in Armour
   958 | D:3      | Reached XP level 4. HP: 37/42 MP: 3/3
   958 | D:3      | Reached XP level 5. HP: 42/48 MP: 4/4
  1030 | D:3      | Reached ** piety under Jiyva
  1034 | D:3      | Reached skill level 5 in Shields
  1038 | D:3      | Found an ancient bone altar of Kikubaaqudgha.
  1045 | D:3      | Found a radiant altar of Vehumet.
  1195 | D:3      | Reached XP level 6. HP: 56/56 MP: 5/5
  1372 | D:4      | Noticed Edmund
  1385 | D:4      | Killed Edmund
  1411 | D:4      | Found a sparkling altar of Nemelex Xobeh.
  1505 | D:4      | Found a hazy altar of Hepliaklqana.
  1507 | D:4      | Found a burning altar of Makhleb.
  1571 | D:4      | Reached *** piety under Jiyva
  1571 | D:4      | Gained mutation: Your flesh is heat resistant. (rF+)
                  | [Jiyva's grace]
  1571 | D:4      | Gained mutation: Your flesh is very heat resistant. (rF++)
                  | [Jiyva's grace]
  1571 | D:4      | Gained mutation: Your flesh is almost immune to the effects
                  | of heat. (rF+++) [Jiyva's grace]
  1571 | D:4      | Gained mutation: You have acidic saliva. [Jiyva's grace]
  1605 | D:4      | Noticed Eustachio
  1672 | D:4      | Killed Eustachio
  1673 | D:4      | Reached skill level 5 in Axes
  1673 | D:4      | Reached XP level 7. HP: 60/62 MP: 6/6
  1684 | D:4      | Found a staircase to the Ecumenical Temple.
  1915 | D:5      | Entered Level 5 of the Dungeon
  2194 | D:5      | Reached **** piety under Jiyva
  2338 | D:5      | Reached XP level 8. HP: 71/71 MP: 7/7
  2418 | D:5      | Found a sacrificial altar of Ru.
  2665 | D:6      | Reached ***** piety under Jiyva
  2694 | D:6      | Noticed diceflayer's ghost (novice MiFi)
  2703 | D:6      | Lost mutation: Your flesh is almost immune to the effects
                  | of heat. (rF+++) [Jiyva's grace]
  2703 | D:6      | Gained mutation: You have a small jelly attached to you
                  | that senses nearby items. [Jiyva's grace]
  2703 | D:6      | Gained mutation: Your spells are a little harder to cast,
                  | but a little more powerful. [Jiyva's grace]
  2703 | D:6      | Gained mutation: Your spells are harder to cast, but more
                  | powerful. [Jiyva's grace]
  2703 | D:6      | Gained mutation: Your spells are much harder to cast, but
                  | much more powerful. [Jiyva's grace]
  2706 | D:6      | Found a runed translucent gate.
  2707 | D:6      | Found a runed translucent gate.
  2707 | D:6      | Found a runed translucent gate.
  3369 | D:7      | Found a bloodstained altar of Trog.
  3635 | D:7      | Reached XP level 9. HP: 16/81 MP: 8/8
  3712 | D:7      | Found an ornate altar of the Wu Jian Council.
  3712 | D:7      | Found a faded altar of an unknown god.
  3719 | D:7      | Found an iron altar of Okawaru.
  3721 | D:7      | Found a basalt altar of Yredelemnul.
  3722 | D:7      | Found a faded altar of an unknown god.
  3955 | D:8      | Found Wunevam's Magic Scroll Boutique.
  3959 | D:8      | Bought a scroll of blinking for 97 gold pieces
  3959 | D:8      | Bought a scroll of teleportation for 39 gold pieces
  3959 | D:8      | Bought a scroll of identify for 26 gold pieces
  4062 | D:8      | Lost mutation: Your flesh is very heat resistant. (rF++)
                  | [Jiyva's grace]
  4062 | D:8      | Lost mutation: Your spells are much harder to cast, but
                  | much more powerful. [Jiyva's grace]
  4062 | D:8      | Lost mutation: You have a small jelly attached to you that
                  | senses nearby items. [Jiyva's grace]
  4062 | D:8      | Gained mutation: You have a pair of large horns on your
                  | head. [Jiyva's grace]
  4062 | D:8      | Gained mutation: Your body has grown eyes which may confuse
                  | attackers. (Acc +3) [Jiyva's grace]
  4062 | D:8      | Gained mutation: Your body has grown many eyes which may
                  | confuse attackers. (Acc +5) [Jiyva's grace]
  4062 | D:8      | Gained mutation: Your body is covered in eyes which may
                  | confuse attackers. (Acc +7, SInv) [Jiyva's grace]
  4287 | D:8      | Found Bocie's Assorted Antiques.
  4295 | D:8      | Bought a scroll labelled YDOGHO COSA for 26 gold pieces
  4360 | D:8      | Noticed Grum
  4366 | D:8      | Killed Grum
  4367 | D:8      | Reached skill level 1 in Evocations
  4561 | D:9      | Reached ****** piety under Jiyva
  4584 | D:9      | Noticed a two-headed ogre
  4594 | D:9      | Killed a two-headed ogre
  4595 | D:9      | Reached skill level 1 in Dodging
  4609 | D:9      | Found a flagged portal.
  4615 | Bailey   | Entered a bailey
  4671 | Bailey   | Reached XP level 10. HP: 89/91 MP: 9/9
  4737 | Bailey   | Noticed an orc sorcerer
  4744 | Bailey   | Gained mutation: You are dopey. (Int -2) [a neqoxec]
  4746 | Bailey   | Noticed a sixfirhy
  4746 | Bailey   | Killed an orc sorcerer
  4751 | Bailey   | Noticed an orc knight
  4802 | Bailey   | Acquired the +2 pair of boots of Soft Rains {Fly rN+ Int+2
                  | Dex+4}
  4906 | Bailey   | Noticed a sixfirhy
  4914 | Bailey   | Found an iron altar of Okawaru.
  4924 | Bailey   | Killed an orc knight
  4941 | Bailey   | Got the Cyclopedia of Last Rites
  4964 | Bailey   | Identified the +0 leather armour of Claustrophobia {rPois
                  | Stlth+}
  5058 | D:9      | Noticed a two-headed ogre
  5066 | D:9      | Killed a two-headed ogre
  5067 | D:9      | Reached skill level 10 in Fighting
  5067 | D:9      | Reached skill level 10 in Armour
  5067 | D:9      | Reached skill level 10 in Shields
  5083 | D:9      | Noticed Erica
  5089 | D:9      | Paralysed by Erica for 2 turns
  5095 | D:9      | Killed Erica
  5301 | D:9      | Noticed a deep elf pyromancer
  5302 | D:9      | Noticed a five-headed hydra
  5303 | D:9      | Noticed a centaur warrior
  5322 | D:9      | Noticed a wizard
  5323 | D:9      | Killed a centaur warrior
  5324 | D:9      | Reached XP level 11. HP: 57/100 MP: 10/10
  5325 | Abyss:2  | Cast into level 2 of the Abyss (a wizard)
  5346 | Abyss:2  | Noticed a wretched star
  5363 | Abyss:2  | Killed a wretched star
  5364 | Abyss:2  | Reached skill level 10 in Axes
  5425 | Abyss:2  | Noticed an ironbound thunderhulk
  5425 | Abyss:2  | Noticed a brown very ugly thing
  5467 | Abyss:2  | Noticed a starcursed mass
  5476 | Abyss:2  | Paralysed by accursed screaming for 1 turns
  5489 | Abyss:2  | Lost mutation: Your flesh is heat resistant. (rF+) [Jiyva's
                  | grace]
  5489 | Abyss:2  | Lost mutation: You have acidic saliva. [Jiyva's grace]
  5489 | Abyss:2  | Lost mutation: Your body is covered in eyes which may
                  | confuse attackers. (Acc +7, SInv) [Jiyva's grace]
  5489 | Abyss:2  | Lost mutation: Your body has grown many eyes which may
                  | confuse attackers. (Acc +5) [Jiyva's grace]
  5489 | Abyss:2  | Gained mutation: You have a small jelly attached to you
                  | that may absorb projectiles. [Jiyva's grace]
  5489 | Abyss:2  | Gained mutation: Your flesh is cold resistant. (rC+)
                  | [Jiyva's grace]
  5489 | Abyss:2  | Gained mutation: Your flesh is very cold resistant. (rC++)
                  | [Jiyva's grace]
  5489 | Abyss:2  | Gained mutation: Your flesh is almost immune to the effects
                  | of cold. (rC+++) [Jiyva's grace]
  5587 | D:9      | Escaped the Abyss
  5961 | D:9      | Reached skill level 5 in Evocations
  6090 | D:10     | Entered Level 10 of the Dungeon
  6094 | D:10     | Found a burning altar of Makhleb.
  6172 | D:10     | Found a staircase to the Lair.
  6454 | D:10     | Found a snail-covered altar of Cheibriados.
  6460 | D:10     | Reached XP level 12. HP: 93/110 MP: 11/11
  6529 | D:10     | Found a staircase to the Orcish Mines.
  6605 | Lair:1   | Entered Level 1 of the Lair of Beasts
  6605 | Lair:1   | Noticed a catoblepas
  6619 | Lair:1   | Killed a catoblepas
  6798 | Lair:1   | Noticed a boulder beetle
  6808 | Lair:1   | Killed a boulder beetle
  6809 | Lair:1   | Reached skill level 5 in Dodging
  7151 | Lair:1   | Found a frozen archway.
  7159 | Lair:1   | Lost mutation: You are dopey. (Int -2) [Jiyva's grace]
  7159 | Lair:1   | Gained mutation: Your melee attacks may engulf your foes in
                  | ooze. [Jiyva's grace]
  7159 | Lair:1   | Gained mutation: Your mind is acute. (Int +4, Str/Dex -1)
                  | [Jiyva's grace]
  7159 | Lair:1   | Gained mutation: Your mind is very acute. (Int +8, Str/Dex
                  | -2) [Jiyva's grace]
  7159 | Lair:1   | Gained mutation: You have sharp toenails. [Jiyva's grace]
  7218 | IceCv    | Entered an ice cave
  7317 | IceCv    | Identified the +4 shortbow of Qazlal, Riding {elec, Dex+3}
  7345 | IceCv    | Noticed a white draconian
  7355 | IceCv    | Killed a white draconian
  7725 | Lair:2   | Noticed a seven-headed hydra
  7736 | Lair:2   | Killed a 13-headed hydra
  8083 | Lair:2   | Found a staircase to the Swamp.
  8590 | Lair:3   | Reached XP level 13. HP: 119/119 MP: 12/12
  8685 | Lair:3   | Paralysed by a hornet for 1 turns
  8692 | Lair:3   | Paralysed by a hornet for 3 turns
  8774 | Lair:3   | Found a staircase to the Snake Pit.
  8789 | Lair:3   | Found a transporter.
  9020 | Lair:3   | Found a transporter.
  9058 | Lair:3   | Lost mutation: Your flesh is almost immune to the effects
                  | of cold. (rC+++) [Jiyva's grace]
  9058 | Lair:3   | Lost mutation: Your flesh is very cold resistant. (rC++)
                  | [Jiyva's grace]
  9058 | Lair:3   | Lost mutation: Your spells are harder to cast, but more
                  | powerful. [Jiyva's grace]
  9058 | Lair:3   | Lost mutation: Your melee attacks may engulf your foes in
                  | ooze. [Jiyva's grace]
  9058 | Lair:3   | Gained mutation: Your body has grown many eyes which may
                  | confuse attackers. (Acc +5) [Jiyva's grace]
  9058 | Lair:3   | Gained mutation: Your body is covered in eyes which may
                  | confuse attackers. (Acc +7, SInv) [Jiyva's grace]
  9058 | Lair:3   | Gained mutation: Your muscles are strong. (Str +4, Int/Dex
                  | -1) [Jiyva's grace]
  9058 | Lair:3   | Gained mutation: Your muscles are very strong. (Str +8,
                  | Int/Dex -2) [Jiyva's grace]
  9443 | Lair:3   | Identified the +3 broad axe of Bymuyr {venom, rElec rF+
                  | Str+4}
  9599 | Lair:4   | Found a dark tunnel.
  9688 | Volcano  | Entered a volcano
  9807 | Volcano  | Found a radiant altar of Vehumet.
  9857 | Volcano  | Noticed a red draconian
  9867 | Volcano  | Killed a red draconian
 10051 | Lair:4   | Noticed Farlane's ghost (journeyman HOMo)
 10134 | Lair:4   | Identified the +4 falchion of Attan {heavy, Str+5 Int-5
                  | Dex+2}
 10262 | Lair:4   | Found a runed translucent gate.
 10262 | Lair:4   | Found a runed translucent gate.
 10262 | Lair:4   | Found a runed translucent gate.
 10278 | Lair:4   | Killed Farlane's ghost
 10317 | Lair:4   | Got the ring "Oparoavvih" {Fire *Slow rElec Will+ Dex+7}
 10448 | Lair:5   | Entered Level 5 of the Lair of Beasts
 10570 | Lair:5   | Lost mutation: You have a pair of large horns on your head.
                  | [Jiyva's grace]
 10570 | Lair:5   | Lost mutation: Your body is covered in eyes which may
                  | confuse attackers. (Acc +7, SInv) [Jiyva's grace]
 10570 | Lair:5   | Gained mutation: Your spells are harder to cast, but more
                  | powerful. [Jiyva's grace]
 10570 | Lair:5   | Gained mutation: Your spells are much harder to cast, but
                  | much more powerful. [Jiyva's grace]
 10570 | Lair:5   | Gained mutation: You are partially covered in iridescent
                  | scales. (AC +2) [Jiyva's grace]
 10570 | Lair:5   | Gained mutation: You are mostly covered in iridescent
                  | scales. (AC +4) [Jiyva's grace]
 10606 | Lair:5   | Found a runed translucent door.
 10606 | Lair:5   | Found a viscous altar of Jiyva.
 10606 | Lair:5   | Noticed an acid blob
 10606 | Lair:5   | Noticed an acid blob
 10608 | Lair:5   | Found a staircase to the Slime Pits.
 10608 | Lair:5   | Noticed an acid blob
 10622 | Slime:1  | Entered Level 1 of the Pits of Slime
 10627 | Slime:2  | Noticed Dissolution
 10633 | Slime:2  | Noticed an acid blob
 10633 | Slime:2  | Noticed an acid blob
 10669 | Slime:4  | Noticed an acid blob
 10669 | Slime:4  | Noticed a quicksilver ooze
 10679 | Slime:5  | Entered Level 5 of the Pits of Slime
 10680 | Slime:5  | Noticed an acid blob
 10693 | Slime:5  | Noticed an acid blob
 10697 | Slime:5  | Found a viscous altar of Jiyva.
 10697 | Slime:5  | Noticed a rockslime
 10697 | Slime:5  | Noticed an azure jelly
 10698 | Slime:5  | Noticed an acid blob
 10698 | Slime:5  | Noticed an acid blob
 10698 | Slime:5  | Noticed an acid blob
 10699 | Slime:5  | Found the amulet of Vitality {RegenMP++ Regen++}
 10700 | Slime:5  | Noticed an acid blob
 10702 | Slime:5  | Noticed an acid blob
 10704 | Slime:5  | Noticed the Royal Jelly
 10706 | Slime:5  | Got a slimy rune of Zot
 10711 | Slime:5  | Noticed a quicksilver ooze
 10714 | Slime:5  | Noticed an azure jelly
 10718 | Slime:5  | Got the Catalogue of Glaciation and Electrocution
 10748 | Slime:5  | Identified the +4 hand axe of the Scorching Gods {venom,
                  | rF+}
 10751 | Slime:5  | Identified the +0 flail of Xairae {flame, Drain rElec
                  | rCorr}
 10763 | Slime:5  | Noticed an azure jelly
 10949 | Orc:1    | Entered Level 1 of the Orcish Mines
 11184 | Orc:1    | Found Ikoesur's Book Shop.
 11475 | Orc:2    | Entered Level 2 of the Orcish Mines
 11494 | Orc:2    | Reached XP level 14. HP: 96/130 MP: 13/13
 11683 | Orc:2    | Noticed an orc warlord
 11692 | Orc:2    | Killed an orc warlord
 11728 | Orc:2    | Noticed an orc warlord
 11730 | Orc:2    | Lost mutation: Your muscles are very strong. (Str +8,
                  | Int/Dex -2) [a neqoxec]
 11742 | Orc:2    | Killed an orc warlord
 11877 | Orc:2    | Found a staircase to the Elven Halls.
 11905 | Orc:2    | Found Ykengyac's Magic Scroll Shoppe.
 11934 | Orc:2    | Found Ufetwoh's Magic Scroll Shop.
 11976 | Orc:2    | Bought a scroll of enchant weapon for 120 gold pieces
 11976 | Orc:2    | Bought a scroll of immolation for 64 gold pieces
 11976 | Orc:2    | Bought a scroll of immolation for 64 gold pieces
 11976 | Orc:2    | Bought a scroll of fog for 64 gold pieces
 11976 | Orc:2    | Bought a scroll of identify for 32 gold pieces
 11976 | Orc:2    | Bought a scroll of identify for 32 gold pieces
 11976 | Orc:2    | Bought a scroll of identify for 32 gold pieces
 11976 | Orc:2    | Bought a scroll of identify for 32 gold pieces
 11991 | Orc:2    | Found Sichikat's Armour Shop.
 11993 | Orc:2    | Found Letanus's Magic Scroll Shoppe.
 11999 | Orc:2    | Bought a +0 pair of gloves for 72 gold pieces
 12007 | Orc:2    | Bought a scroll of blinking for 105 gold pieces
 12007 | Orc:2    | Bought a scroll of teleportation for 42 gold pieces
 12007 | Orc:2    | Bought a scroll of teleportation for 42 gold pieces
 12007 | Orc:2    | Bought a scroll of blinking for 105 gold pieces
 12007 | Orc:2    | Bought a scroll of teleportation for 42 gold pieces
 12007 | Orc:2    | Bought a scroll of identify for 28 gold pieces
 12007 | Orc:2    | Bought a scroll of identify for 28 gold pieces
 12380 | Snake:1  | Entered Level 1 of the Snake Pit
 12796 | Snake:1  | Reached XP level 15. HP: 139/139 MP: 14/14
 12905 | Snake:1  | Noticed Aizul
 12912 | Snake:1  | Killed Aizul
 13230 | Snake:2  | Lost mutation: You have sharp toenails. [Jiyva's grace]
 13230 | Snake:2  | Lost mutation: Your mind is very acute. (Int +8, Str/Dex
                  | -2) [Jiyva's grace]
 13230 | Snake:2  | Lost mutation: Your spells are much harder to cast, but
                  | much more powerful. [Jiyva's grace]
 13230 | Snake:2  | Lost mutation: Your spells are harder to cast, but more
                  | powerful. [Jiyva's grace]
 13230 | Snake:2  | Lost mutation: Your spells are a little harder to cast, but
                  | a little more powerful. [Jiyva's grace]
 13230 | Snake:2  | Gained mutation: Your rubbery body absorbs attacks. (AC +1,
                  | EV +1) [Jiyva's grace]
 13230 | Snake:2  | Gained mutation: Your pliable body absorbs attacks. (AC +2,
                  | EV +2) [Jiyva's grace]
 13230 | Snake:2  | Gained mutation: Your gelatinous body deflects attacks. (AC
                  | +3, EV +3) [Jiyva's grace]
 13230 | Snake:2  | Gained mutation: You expend magic power (3 MP) to
                  | strengthen your wands. [Jiyva's grace]
 13254 | Snake:2  | Reached skill level 15 in Armour
 13266 | Snake:2  | Reached skill level 15 in Fighting
 13266 | Snake:2  | Reached skill level 15 in Shields
 13526 | Snake:2  | Found an ancient bone altar of Kikubaaqudgha.
 13546 | Snake:2  | Found Fuannop's Jewellery Shop.
 13546 | Snake:2  | Found Itruwni's General Store.
 13574 | Snake:2  | Bought a scroll of identify for 36 gold pieces
 13574 | Snake:2  | Bought a scroll of identify for 36 gold pieces
 13574 | Snake:2  | Bought a potion of mutation for 144 gold pieces
 13574 | Snake:2  | Bought a potion of heal wounds for 90 gold pieces
 13586 | Snake:2  | You are sucked into a shaft and drop 1 floor!
 13821 | Snake:3  | Reached skill level 15 in Axes
 13835 | Snake:3  | Reached skill level 10 in Evocations
 14131 | Snake:4  | Entered Level 4 of the Snake Pit
 14282 | Snake:4  | Lost mutation: Your flesh is cold resistant. (rC+) [Jiyva's
                  | grace]
 14282 | Snake:4  | Lost mutation: Your body has grown many eyes which may
                  | confuse attackers. (Acc +5) [Jiyva's grace]
 14282 | Snake:4  | Lost mutation: Your gelatinous body deflects attacks. (AC
                  | +3, EV +3) [Jiyva's grace]
 14282 | Snake:4  | Lost mutation: Your pliable body absorbs attacks. (AC +2,
                  | EV +2) [Jiyva's grace]
 14282 | Snake:4  | Lost mutation: You have a small jelly attached to you that
                  | may absorb projectiles. [Jiyva's grace]
 14282 | Snake:4  | Lost mutation: You expend magic power (3 MP) to strengthen
                  | your wands. [Jiyva's grace]
 14282 | Snake:4  | Gained mutation: Your natural rate of healing is unusually
                  | fast. [Jiyva's grace]
 14282 | Snake:4  | Gained mutation: You heal very quickly. [Jiyva's grace]
 14282 | Snake:4  | Gained mutation: You regenerate. [Jiyva's grace]
 14282 | Snake:4  | Gained mutation: You are completely covered in iridescent
                  | scales. (AC +6) [Jiyva's grace]
 14370 | Snake:4  | Noticed a nagaraja
 14392 | Snake:4  | Killed a nagaraja
 14393 | Snake:4  | Noticed a nagaraja
 14393 | Snake:4  | Noticed a nagaraja
 14422 | Snake:4  | Killed a nagaraja
 14422 | Snake:4  | Killed a nagaraja
 14513 | Snake:4  | Got a serpentine rune of Zot
 14528 | Snake:4  | Reached XP level 16. HP: 151/151 MP: 15/15
 14850 | Swamp:1  | Entered Level 1 of the Swamp
 14850 | Swamp:1  | Found a transporter.
 14851 | Swamp:1  | Noticed a tentacled monstrosity
 14905 | Swamp:1  | Found a transporter.
 14931 | Swamp:1  | Killed a tentacled monstrosity
 14952 | Swamp:1  | Identified the +1 cloak of the Gusle {*Corrode Drain rPois
                  | Int+7}
 14962 | Swamp:1  | Got Sif Muna's Information on Volatile Orientation
 15249 | Swamp:4  | Entered Level 4 of the Swamp
 15436 | Swamp:4  | Got a decaying rune of Zot
 15638 | D:11     | Found a gate leading to a gauntlet.
 15671 | D:11     | Noticed Urug
 15682 | D:11     | Killed Urug
 15693 | D:12     | Noticed Nessos
 15702 | D:12     | Killed Nessos
 16006 | D:13     | Noticed Kirke
 16107 | D:13     | Noticed Maurice
 16116 | D:13     | Killed Maurice
 16159 | D:13     | Reached XP level 17. HP: 160/160 MP: 16/16
 16160 | D:13     | Lost mutation: You regenerate. [Jiyva's grace]
 16160 | D:13     | Lost mutation: Your muscles are strong. (Str +4, Int/Dex
                  | -1) [Jiyva's grace]
 16160 | D:13     | Gained mutation: Your spells are a little harder to cast,
                  | but a little more powerful. [Jiyva's grace]
 16160 | D:13     | Gained mutation: Your spells are harder to cast, but more
                  | powerful. [Jiyva's grace]
 16160 | D:13     | Gained mutation: Your spells are much harder to cast, but
                  | much more powerful. [Jiyva's grace]
 16160 | D:13     | Gained mutation: You are agile. (Dex +4, Str/Int -1)
                  | [Jiyva's grace]
 16187 | D:13     | Found a gate to the Vaults.
 16270 | D:13     | Noticed Jorgrun
 16280 | D:13     | Killed Jorgrun
 16377 | D:14     | Found Quzei's Weapon Shop.
 16506 | D:15     | Entered Level 15 of the Dungeon
 16532 | D:15     | Found a staircase to the Depths.
 16541 | Depths:1 | Entered Level 1 of the Depths
 16601 | Depths:1 | Reached skill level 10 in Dodging
 16809 | Depths:2 | Found Woduehiv's Book Shoppe.
 16900 | Depths:2 | Found a gateway to Hell.
 16933 | Depths:2 | Found a magical portal.
 17030 | Depths:2 | Found a one-way gate leading to the halls of Pandemonium.
 17066 | Depths:2 | Found a large runed translucent door.
 17068 | Depths:2 | Found a large runed translucent door.
 17070 | Depths:2 | Noticed Farlane's ghost (adept HOMo)
 17171 | Depths:2 | Found Ziokk's Antique Armour Shoppe.
 17308 | Depths:3 | Paralysed by a vampire knight for 4 turns
 17356 | Depths:4 | Entered Level 4 of the Depths
 17356 | Depths:4 | Noticed a caustic shrike
 17356 | Depths:4 | Noticed a caustic shrike
 17356 | Depths:4 | Noticed a caustic shrike
 17357 | Depths:4 | Noticed a caustic shrike
 17357 | Depths:4 | Noticed a caustic shrike
 17370 | Depths:3 | Killed a caustic shrike
 17377 | Depths:4 | Noticed a lich
 17379 | Depths:4 | Killed a caustic shrike
 17386 | Depths:4 | Killed a caustic shrike
 17388 | Depths:4 | Killed a caustic shrike
 17390 | Depths:4 | Killed a caustic shrike
 17397 | Depths:4 | Killed a lich
 17398 | Depths:4 | Reached XP level 18. HP: 101/171 MP: 17/17
 17566 | Depths:4 | Noticed a caustic shrike
 17566 | Depths:4 | Noticed a caustic shrike
 17567 | Depths:4 | Noticed a caustic shrike
 17812 | Depths:4 | Killed a caustic shrike
 17824 | Depths:4 | Killed a caustic shrike
 17840 | Depths:4 | Killed a caustic shrike
 17946 | Depths:4 | Paralysed by a vampire knight for 5 turns
 18094 | Depths:4 | Found a gate to the Realm of Zot.
 18101 | Zot:1    | Entered Level 1 of the Realm of Zot
 18101 | Zot:1    | Noticed a tentacled monstrosity
 18115 | Zot:1    | Killed a tentacled monstrosity
 18176 | Zot:1    | Lost mutation: Your spells are much harder to cast, but
                  | much more powerful. [Jiyva's grace]
 18176 | Zot:1    | Lost mutation: Your body has grown eyes which may confuse
                  | attackers. (Acc +3) [Jiyva's grace]
 18176 | Zot:1    | Gained mutation: You have a small jelly attached to you
                  | that may absorb projectiles. [Jiyva's grace]
 18176 | Zot:1    | Gained mutation: Your translucent skin slightly reduces
                  | your foes' accuracy. (Stealth+) [Jiyva's grace]
 18176 | Zot:1    | Gained mutation: Your translucent skin reduces your foes'
                  | accuracy. (Stealth+) [Jiyva's grace]
 18176 | Zot:1    | Gained mutation: Your transparent skin significantly
                  | reduces your foes' accuracy. (Stealth+) [Jiyva's grace]
 18264 | Zot:2    | Found the +4 dragonskin cloak
 18264 | Zot:2    | Noticed Tiamat
 18382 | Zot:1    | Noticed a tentacled monstrosity
 18390 | Zot:1    | Killed a tentacled monstrosity
 18391 | Zot:1    | Noticed a tentacled monstrosity
 18405 | Zot:1    | Killed a tentacled monstrosity
 18509 | Zot:2    | Noticed a tentacled monstrosity
 18517 | Zot:2    | Killed a tentacled monstrosity
 18518 | Zot:2    | Reached XP level 19. HP: 175/181 MP: 18/18
 18662 | Zot:4    | Noticed a golden dragon
 18687 | Zot:4    | Killed a golden dragon
 18736 | Zot:5    | Entered Level 5 of the Realm of Zot
 18759 | Zot:5    | Noticed an electric golem
 18759 | Zot:5    | Noticed an orb of fire
 18759 | Zot:5    | Noticed a Killer Klown
 18759 | Zot:5    | Noticed an orb of fire
 18759 | Zot:5    | Noticed a Killer Klown
 18759 | Zot:5    | Noticed a Killer Klown
 18759 | Zot:5    | Noticed a Killer Klown
 18760 | Zot:5    | Found a transporter.
 18761 | Zot:5    | Found a transporter.
 18763 | Zot:5    | Found a transporter.
 18776 | Zot:5    | Found a transporter.
 18820 | Zot:5    | Got the Orb of Zot
 18993 | Depths:3 | Found a runed translucent gate.
 18993 | Depths:3 | Found a runed translucent gate.
 18993 | Depths:3 | Found a runed translucent gate.
 19208 | D:13     | Noticed Feki the pandemonium lord
 19238 | D:12     | Killed Feki the pandemonium lord
 19298 | D:12     | Gained mutation: Armour fits poorly on your strangely
                  | shaped body. [a cacodemon]
 19334 | D:10     | Noticed a Brimstone Fiend
 19343 | D:10     | Killed a Brimstone Fiend
 19349 | D:10     | Noticed Agregh the pandemonium lord
 19409 | D:8      | Noticed a Tzitzimitl
 19414 | D:8      | Killed a Tzitzimitl
 19546 | D:$      | Escaped with the Orb!

Illustrated notes

Levels and vault maps discovered:
D:1:      dpeg_arrival_pits, layout_loops_ring,
          ebering_ecumenical_altar_sacrificial,
          nicolae_concentric_dashed_squares_mild
D:2:      layout_basic, minmay_misc_feat_columns, minmay_close_crescents,
          uniq_terence
D:3:      layout_rooms, grunt_temple_overflow_open, goddamned_bats, uniq_sigmund
D:4:      layout_basic, jmf_multi_god_temple, nemelex_spade_bored_becter,
          temple_doors_e, uniq_eustachio, uniq_edmund
D:5:      layout_gridville, nicolae_ru_awakened_eye
D:6:      layout_loops_ring, gammafunk_ghost_split
D:7:      minmay_clustersquares, layout_basic,
          chequers_temple_overflow_minitemple, kennysheep_mini_moat
D:8:      layout_cave_pools, serial_gnoll_camp, gnoll_camp_mini_loothouse,
          gnoll_camp_huts_moat, gnoll_camp_mini_shop, gnoll_camp_mini_shop,
          grums_kennel, chequers_garden
D:9:      layout_loops_ring, enter_bailey_3, grunt_tough_drop, uniq_erica
D:10:     layout_rooms, minmay_lair_entry_grove, minmay_orc_entry_guard_dogs,
          hangedman_feature_mirror
D:11:     layout_big_octagon, gauntlet_entry_generic, uniq_urug
D:12:     layout_basic, uniq_nessos
D:13:     layout_irregular_city, skrybe_vaults_entry_preservation,
          ashenzari_conservatory_becter, uniq_jorgrun, uniq_maurice, uniq_kirke
D:14:     layout_layer_cave, hangedman_decor_slide_cut, serial_shops,
          nicolae_shop_back_alley_shop
D:15:     grunt_enter_depths_snipers, layout_loops_cross,
          minmay_misc_feat_doors, nooodl_orcs_dogs, uniq_josephine
Lair:1:   minmay_lair_oklob_tunnel, layout_cave_shapes,
          portal_ice_cave_entry_pillars_2, grunt_megastairs_1,
          serial_bayou_shore_a, infiniplex_staircase_pool_2
Lair:2:   layout_roguey, swamp_mist_pool
Lair:3:   gammafunk_cloud_chamber, layout_cave_pods,
          guppyfry_snake_entry_garden, dreamdust_wasp_nest
Lair:4:   layout_loops_ring, nicolae_volcano_entry_s_turn, gammafunk_ghost_icy,
          lookout_lair_type
Lair:5:   hellmonk_lair_end_abyssal_woods, layout_hall_layers, slime_entry_2,
          dreamdust_mushroom_princess, st_stairs_5
Swamp:1:  gammafunk_sealed_arena, layout_falls_marsh,
          evilmike_swamp_ruin_house_2
Swamp:2:  layout_falls_marsh, ebering_ghost_rock_garden,
          evilmike_swamp_ruin_house_5
Swamp:3:  layout_basic_swamp, serial_swamp_ruin, evilmike_swamp_ruin_wall,
          evilmike_swamp_ruin_house_1
Swamp:4:  swamp_icy, layout_basic_swamp
Snake:1:  layout_gridlike, nicolae_snake_yet_another_twisty_hallway, uniq_aizul
Snake:2:  layout_gridlike, basic_altar, minmay_shoptagon, grunt_megastairs_3
Snake:3:  layout_gridlike
Snake:4:  snake_pit, layout_cave_town, nicolae_snake_salamander_fort
Slime:1:  layout_caves
Slime:2:  layout_caves, special_room [special_room_jelly], dissolution_awaits
Slime:3:  layout_caves
Slime:4:  nicolae_slime_pool, layout_caves
Slime:5
Orc:1:    layout_diamond_mine, serial_shops, shop_fountains, basic_altar
Orc:2:    st_orc_elflike, layout_caves, kennysheep_orc_chapel
Depths:1: minmay_the_grid_plus_closed [minmay_the_grid_paths,
          minmay_the_grid_stretched_grid, minmay_the_grid_small_cups,
          minmay_the_grid_dragon_a, minmay_the_grid_prize_diamond_cup],
          layout_cave_pools, enter_ziggurat_d, pf_hell_entry_tar_river,
          grunt_ministairs_1, grunt_decor_cap, kennysheep_nondescript,
          kennysheep_generic_room_7, uniq_mara
Depths:2: kennysheep_blocky_hall, layout_gridlike, ebering_ghost_disaster_area,
          serial_shops, nicolae_shop_pleasant_corner_grove,
          nicolae_shop_back_alley_shop, nicolae_shop_advertising_works
          [nicolae_subvault_shop_adworks], nicolae_shop_hallway_plus,
          hangedman_geh_valley, grunt_pan_entry_in_and_out, mu_enter_wizlab_6,
          infiniplex_staircase_zigzag_5
Depths:3: grunt_twisty_corner, layout_gridville, grunt_mini_vestibule,
          gammafunk_ghost_crypt, abyss_entry, st_stairs_7,
          minmay_staircase_windowed_large, serial_bayou_shore_b, uniq_xtahua
Depths:4: grunt_zot_entry_pinwheel, layout_gridlike, pf_coc_iceberg
Zot:1:    layout_gridlike
Zot:2:    layout_gridlike, hangedman_zot_decor_slant, st_large_dragon_hoard_3,
          uniq_tiamat
Zot:3:    layout_gridville, st_stairs_1
Zot:4:    layout_misc_corridors
Zot:5:    layout_twisted_circle, nicolae_transporter_circle

Skill      XL: |  1  2  3  4  5  6  7  8  9 10 11 12 13 14 15 16 17 18 19 |
---------------+----------------------------------------------------------+-----
Fighting       | 4 5 6 8 9 10 11 12 13 14 15 16 17 18 19 | 19.2
Armour         | 4 5 6 8 9 10 11 12 13 14 15 16 17 18 19 | 19.1
Shields        | 4 5 6 8 9 10 11 12 13 14 15 16 17 18 19 | 19.2
Axes           | 3 4 5 6 7 8 9 11 12 13 14 15 16 17 18 19 | 19.0
Evocations     | 2 4 5 7 8 9 10 11 12 13 | 13.6
Dodging        | 1 3 4 5 6 7 8 9 10 11 | 11.5

Action                     |  1- 3 |  4- 6 |  7- 9 | 10-12 | 13-15 | 16-18 | 19-21 || total
---------------------------+-------+-------+-------+-------+-------+-------+-------++-------
  Melee: War axe           |    75 |   122 |   227 |     4 |       |       |       ||   428
         Headbutt          |     7 |    13 |    60 |   139 |   158 |   294 |    44 ||   715
         Bite              |       |     2 |    17 |    23 |       |       |       ||    42
         Broad axe         |       |       |       |   505 |   671 |  1049 |   157 ||  2382
 Invoke: Oozemancy         |       |       |     2 |     1 |     4 |     6 |     2 ||    15
  Evoke: Wand              |       |       |     4 |       |       |       |     6 ||    10
         Phantom mirror    |       |       |       |     1 |     1 |     1 |       ||     3
    Use: Scroll            |       |       |     8 |     9 |     7 |     6 |     9 ||    39
         Potion            |       |       |     1 |     2 |       |     1 |     5 ||     9
   Stab: Confused          |       |       |     2 |    19 |    12 |     4 |       ||    37
         Petrifying        |       |       |       |     1 |       |       |       ||     1
         Petrified         |       |       |       |     1 |       |       |       ||     1
         Distracted        |       |       |       |       |       |     3 |       ||     3
 Armour: Scale mail        |    34 |    98 |    39 |       |       |       |       ||   171
         Plate armour      |       |       |    43 |   331 |   377 |   657 |   124 ||  1532
  Dodge: Dodged            |    31 |    65 |   113 |   199 |   266 |   394 |   101 ||  1169
  Block: Buckler           |    16 |    32 |    87 |   185 |   119 |       |       ||   439
         Tower shield      |       |       |       |       |    46 |  1054 |   235 ||  1335
         Kite shield       |       |       |       |       |   193 |       |       ||   193
         Reflection        |       |       |       |       |     1 |    42 |     5 ||    48
